 Dungeon Sprint DCSS version 0.21-a0-351-g38363bb (webtiles) character file.

8085 Kidiri the Fighter (level 11, -1/118 HPs)
             Began as a Gargoyle Gladiator on Oct 9, 2017.
             Was the Champion of Trog.
             Slain by a chaos spawn (5 damage)
             ... in the Dungeon (Sprint V: "Ziggurat Sprint").
             The game lasted 00:06:58 (1302 turns).

Kidiri the Fighter (Gargoyle Gladiator)             Turns: 1302, Time: 00:06:59

Health: -1/118     AC: 33    Str: 29    XL:     11   Next: 25%
Magic:  11/17      EV: 13    Int: 12    God:    Trog [******]
Gold:   0          SH:  0    Dex: 13    Spells: 10/10 levels left

rFire    + + +     SeeInvis .   a - +7 great mace "Firestarter" {inner flame, rF++}
rCold    . . .     Gourm    .   (shield currently unavailable)
rNeg     + + +     Faith    .   K - +9 plate armour of Vehumet's Indignation {rN+ MR+}
rPois    ∞         Spirit   .   c - +0 helmet
rElec    +         Reflect  .   P - scarf of Gehenna {rElec rN+ Int+2 Dex-4}
rCorr    .         Harm     .   O - +0 pair of gloves "Nyqeant" {rF+ MR++ Str-2}
MR       +++..     Rnd*Rage +   (no boots) Stlth ..........NoTele +
                                (no amulet)
HPRegen  0.29/turn              E - +6 ring of strength
MPRegen  0.15/turn              y - +6 ring of dexterity

@: berserking, very quick
A: [berserk 1], [blurry vision 2], negative energy resistance 1, electricity
resistance, unbreathing, petrification resistance, rot immunity, AC +7
a: Berserk, Trog's Hand, Brothers in Arms, Burn Spellbooks, Renounce Religion


You were in the Dungeon.
You worshipped Trog.
Trog was exalted by your worship.
You were very hungry.

You visited 1 branch

Inventory:

Hand Weapons
 a - the +7 great mace "Firestarter" (weapon) {inner flame, rF++}
   (You found it in the Dungeon)

   It has been specially enchanted to burn those struck by it, causing extra
   injury to most foes and up to half again as much damage against particularly
   susceptible opponents.
   It greatly protects you from fire.
Missiles
 b - 15 steel javelins (quivered)
 d - 3 throwing nets
 o - 8 needles of confusion
 L - 7 silver javelins
 M - 2 poisoned tomahawks
Armour
 c - a +0 helmet (worn)
 K - the +9 plate armour of Vehumet's Indignation (worn) {rN+ MR+}
   (You found it in the Dungeon)

   It protects you from negative energy.
   It affects your resistance to hostile enchantments.
 O - the +0 pair of gloves "Nyqeant" (worn) {rF+ MR++ Str-2}
   (You found it in the Dungeon)

   It affects your strength (-2).
   It protects you from fire.
   It affects your resistance to hostile enchantments.
 P - the scarf of Gehenna (worn) {rElec rN+ Int+2 Dex-4}
   (You found it in the Dungeon)

   It affects your intelligence (+2).
   It affects your dexterity (-4).
   It insulates you from electricity.
   It protects you from negative energy.
Jewellery
 y - a +6 ring of dexterity (right hand)
 B - a +6 ring of dexterity
 C - a +6 ring of intelligence
 D - a +6 ring of intelligence
 E - a +6 ring of strength (left hand)
 F - a +6 ring of strength
Wands
 G - a wand of disintegration (7/24)
 H - a wand of iceblast (5/15)
 I - a wand of lightning (5/15)
 J - a wand of acid (5/15)
Scrolls
 k - 4 scrolls of blinking
 r - 4 scrolls of amnesia
 s - 3 scrolls of recharging
 t - 7 scrolls of fog
 u - 2 scrolls of holy word
 v - 5 scrolls of identify
 w - 5 scrolls of remove curse
 x - 2 scrolls of fear
Potions
 e - 10 potions of curing
 g - 10 potions of heal wounds
 h - 10 potions of haste
 i - 7 potions of magic
 j - 3 potions of berserk rage
 l - 2 potions of brilliance
 m - 2 potions of invisibility
 n - 4 potions of resistance
 p - 5 potions of agility
 q - 5 potions of might
Comestibles
 f - 5 bread rations
 z - 42 fruits
 A - 4 meat rations
 N - 6 chunks of flesh


   Skills:
 * Level 13.8 Fighting
 * Level 12.9 Maces & Flails
 + Level 8.7 Throwing
 + Level 10.0 Armour
 * Level 11.1 Dodging
 + Level 8.5 Evocations


You had 10 spell levels left.
You didn't know any spells.

Dungeon Overview and Level Annotations

Branches:
Dungeon (1/1)

Altars:
Ashenzari
Cheibriados
Dithmenos
Elyvilon
Fedhas
Gozag
Hepliaklqana
Kikubaaqudgha
Makhleb
Nemelex Xobeh
Okawaru
Qazlal
Ru
Sif Muna
Trog
Uskayaw
Vehumet
Wu Jian
Xom
Yredelemnul
Zin
The Shining One
Beogh
Jiyva
Lugonu

Annotations:
D 1 transporter


Innate Abilities, Weirdness & Mutations

You are resistant to torment.
Your stone body is resilient. (AC +7)
You are immune to poison.
You resist negative energy. (rN+)
You are resistant to electric shocks. (rElec)
You can survive without breathing.
You are immune to petrification.
You are immune to rotting.
[You tend to lose your temper in combat.]
[Scrolls take you longer to read.]


Message History

* * * LOW HITPOINT WARNING * * *
The fiery explosion engulfs the ufetubus.
The ufetubus is burned terribly!
You kill the ufetubus!
The fiery explosion engulfs the ufetubus.
The ufetubus is burned terribly!
You kill the ufetubus!
The fiery explosion engulfs the ufetubus.
The ufetubus is burned terribly!
You kill the ufetubus!
The fiery explosion engulfs the ufetubus.
The ufetubus is burned terribly!
You kill the ufetubus!
Trog accepts your kill.
The ufetubus disappears in a puff of smoke! x3
You feel the corruption within you wane somewhat.
You feel a little less angry.
Your body's shape seems more normal.
The white imp misses you. The shadow imp closely misses you.
The chaos spawn hits you.
You die...

▓..(.©....▓...©...▓
▓▓▓▓▓▓▓▓▓▓▓▓▓▓▓▓▓▓▓
▓...8©8...▓
▓..!.|.)..▓
▓....}.}..▓
▓......§..▓
▓....§§§..▓
▓...4§§§..▓
▓..§*@§§..▓
▓.▓.5§5§▓.▓
▓....©..5.▓
▓▓▓▓▓▓▓▓▓▓▓


You could see a wretched star, a chaos spawn, a crimson imp, a white imp and a
shadow imp.

Vanquished Creatures
  A deep elf demonologist (D)
  2 deep elf knights (D)
  A deep elf archer (D)
  3 deep elf magi (D)
  4 toenail golems (D)
  A black mamba (D)
  A spiny frog (D)
  A demonic crawler (D)
  A ynoxinul (D)
  A chaos spawn (D)
  3 fire elementals (D)
  A yak (D)
  3 nagas (D)
  A water moccasin (D)
  2 hell hounds (D)
  2 orc warriors (D)
  A porcupine (D)
  A crocodile (D)
  An earth elemental (D)
  A crimson imp (D)
  3 quasits (D)
  2 orc priests (D)
  An iguana (D)
  A river rat (D)
  2 adders (D)
  2 shadow imps (D)
  A white imp (D)
  2 adder skeletons (D)
  2 orcs (D)
48 creatures vanquished.

Vanquished Creatures (others)
  A fire vortex (D)
1 creature vanquished.

Grand Total: 49 creatures vanquished

Notes
Turn   | Place    | Note
-------+----------+-------------------------------------------
     0 | D        | Found the +6 Majin-Bo {vamp, Archmagi MP+6 Int+6}
     0 | D        | Found the +7 great mace "Firestarter" {inner flame, rF++}
     0 | D        | Kidiri the Gargoyle Gladiator began the quest for the Orb.
     0 | D        | Reached XP level 1. HP: 12/12 MP: 1/1
     0 | D        | Found a deep blue altar of Sif Muna.
     0 | D        | Found a sacrificial altar of Ru.
     0 | D        | Found a bloodstained altar of Trog.
     0 | D        | Found a stormy altar of Qazlal.
     0 | D        | Found an iron altar of Okawaru.
     0 | D        | Found a sparkling altar of Nemelex Xobeh.
     0 | D        | Found a blossoming altar of Fedhas.
     2 | D        | Found a transporter.
     2 | D        | Found an ancient bone altar of Kikubaaqudgha.
     2 | D        | Found a viscous altar of Jiyva.
     2 | D        | Found a corrupted altar of Lugonu.
     2 | D        | Found a hazy altar of Hepliaklqana.
     2 | D        | Found a burning altar of Makhleb.
     2 | D        | Found an opulent altar of Gozag.
    19 | D        | Found the +9 heavy crossbow "Sniper" {velocity, Acc+∞ SInv}
    19 | D        | Found the +10 dark maul {crush}
    19 | D        | Found the +18 shield of the Gong {rElec rN+ MR+ EV-5}
    19 | D        | Found the cursed +14 obsidian axe {chop, +Fly SInv *Curse}
    20 | D        | Found the +6 shillelagh "Devastator" {shatter}
    20 | D        | Found the +11 plutonium sword {*Contam Stlth-}
    20 | D        | Found the +8 lance "Wyrmbane" {slay drac, rPois rF+ rC+ AC+3}
    20 | D        | Found the +9 sword of Zonguldrok {reap}
    20 | D        | Found the cursed +13 scythe of Curses {drain, *Curse}
    20 | D        | Found the +0 sword of Power
    20 | D        | Found the -2 mace of Variability {chaos}
    20 | D        | Found the +7 Singing Sword
    20 | D        | Found the +7 longbow "Piercer" {penet, EV-2}
    98 | D        | Became a worshipper of Trog the Wrathful
   112 | D        | Got the +9 plate armour of Vehumet's Indignation {rN+ MR+}
   124 | D        | Reached skill level 4 in Fighting
   124 | D        | Reached skill level 1 in Evocations
   124 | D        | Reached XP level 2. HP: 20/20 MP: 1/3
   149 | D        | Entered arena 2.
   149 | D        | Noticed a crimson imp
   149 | D        | Found a transporter.
   151 | D        | Killed a crimson imp
   151 | D        | Reached skill level 5 in Maces & Flails
   151 | D        | Reached XP level 3. HP: 25/25 MP: 4/4
   155 | D        | Reached skill level 5 in Fighting
   165 | D        | Entered arena 3.
   165 | D        | Noticed a hell hound
   165 | D        | Found a transporter.
   167 | D        | Reached * piety under Trog
   170 | D        | Killed a hell hound
   170 | D        | Reached ** piety under Trog
   170 | D        | Reached XP level 4. HP: 30/31 MP: 5/5
   170 | D        | Reached skill level 6 in Fighting
   170 | D        | Reached skill level 5 in Dodging
   170 | D        | Reached XP level 5. HP: 29/37 MP: 5/7
   235 | D        | Entered arena 4.
   235 | D        | Found a transporter.
   236 | D        | Reached *** piety under Trog
   236 | D        | Received a gift from Trog
   236 | D        | Reached **** piety under Trog
   236 | D        | Received a gift from Trog
   236 | D        | Received a gift from Trog
   244 | D        | Reached ***** piety under Trog
   244 | D        | Reached XP level 6. HP: 20/42 MP: 8/8
   404 | D        | Entered arena 5.
   404 | D        | Noticed a toenail golem
   404 | D        | Noticed a toenail golem
   404 | D        | Noticed a toenail golem
   404 | D        | Noticed a toenail golem
   404 | D        | Found a transporter.
   409 | D        | Killed a toenail golem
   409 | D        | Received a gift from Trog
   409 | D        | Reached skill level 8 in Fighting
   409 | D        | Reached skill level 5 in Throwing
   409 | D        | Reached skill level 5 in Armour
   409 | D        | Reached XP level 7. HP: 45/50 MP: 8/10
   412 | D        | Killed a toenail golem
   412 | D        | Reached skill level 9 in Fighting
   412 | D        | Reached skill level 5 in Evocations
   412 | D        | Reached XP level 8. HP: 42/56 MP: 8/11
   412 | D        | Killed a toenail golem
   414 | D        | Killed a toenail golem
   414 | D        | Reached skill level 10 in Fighting
   521 | D        | Entered arena 6.
   521 | D        | Found a transporter.
   523 | D        | Reached XP level 9. HP: 63/63 MP: 13/13
   525 | D        | Received a gift from Trog
   525 | D        | Reached skill level 10 in Maces & Flails
   614 | D        | Entered arena 7.
   615 | D        | Received a gift from Trog
   616 | D        | Found a transporter.
   622 | D        | Reached ****** piety under Trog
   622 | D        | Reached skill level 11 in Fighting
   835 | D        | Entered arena 8.
   835 | D        | Noticed a spiny frog
   836 | D        | Found a transporter.
   840 | D        | Killed a spiny frog
   840 | D        | Received a gift from Trog
   852 | D        | Got the +0 pair of gloves "Nyqeant" {rF+ MR++ Str-2}
   950 | D        | Entered arena 9.
   950 | D        | Noticed a black mamba
   952 | D        | Found a transporter.
   956 | D        | Killed a black mamba
   956 | D        | Received a gift from Trog
   956 | D        | Reached XP level 10. HP: 54/71 MP: 15/15
   956 | D        | Reached skill level 12 in Fighting
  1078 | D        | Entered arena 10.
  1078 | D        | Noticed a deep elf knight
  1078 | D        | Noticed a deep elf archer
  1078 | D        | Noticed a deep elf demonologist
  1078 | D        | Noticed a deep elf mage
  1078 | D        | Noticed a deep elf knight
  1078 | D        | Noticed a deep elf mage
  1078 | D        | Noticed a deep elf mage
  1079 | D        | Received a gift from Trog
  1080 | D        | Found a transporter.
  1083 | D        | Killed a deep elf knight
  1083 | D        | Reached skill level 10 in Dodging
  1083 | D        | Killed a deep elf demonologist
  1083 | D        | Killed a deep elf mage
  1083 | D        | Reached skill level 13 in Fighting
  1083 | D        | Killed a deep elf mage
  1083 | D        | Received a gift from Trog
  1085 | D        | Killed a deep elf mage
  1085 | D        | Received a gift from Trog
  1088 | D        | Killed a deep elf knight
  1088 | D        | Reached XP level 11. HP: 68/78 MP: 15/17
  1116 | D        | Killed a deep elf archer
  1162 | D        | Got the scarf of Gehenna {rElec rN+ Int+2 Dex-4}
  1285 | D        | Entered arena 11.
  1285 | D        | Noticed a wretched star
  1286 | D        | Received a gift from Trog
  1286 | D        | Received a gift from Trog
  1287 | D        | Found a transporter.
  1298 | D        | Reached skill level 10 in Armour
  1302 | D        | HP: 4/118 [ynoxinul/exploding inner flame[the player character] (6)]
  1302 | D        | Slain by a chaos spawn

Vault maps used:
D:        sprint_v

Skill      XL: |  1  2  3  4  5  6  7  8  9 10 11 |
---------------+----------------------------------+-----
Fighting       | 4 5 6 8 9 10 11 13 | 13.8
Maces & Flails | 4 5 6 8 9 11 12 | 12.9
Throwing       | 2 3 4 5 6 7 8 |  8.7
Armour         | 2 3 4 5 6 7 8 9 10 | 10.0
Dodging        | 3 4 5 6 7 8 9 10 11 | 11.1
Evocations     | 1 2 3 4 5 6 8 |  8.5

Action                   |  1- 3 |  4- 6 |  7- 9 | 10-12 || total
-------------------------+-------+-------+-------+-------++-------
Melee: Great mace        |     7 |    11 |    27 |    28 ||    73
Throw: Javelin           |       |       |     1 |     6 ||     7
Invok: Burn Spellbooks   |     1 |     1 |     2 |     2 ||     6
       Berserk           |       |       |       |     2 ||     2
  Use: Potion            |     1 |       |       |       ||     1
  Eat: Chunk             |       |       |       |     2 ||     2
Armor: Plate armour      |    18 |    42 |    37 |    40 ||   137
Dodge: Dodged            |     8 |    20 |    28 |    37 ||    93

Table legend:
 A = Spawn XP
 B = Non-spawn XP
 C = Spawn XP percentage of total XP
 D = Spawn monster count
 E = Non-spawn monster count
 F = Spawn count percentage of total count
 G = Total turns spent on level
                    A         B        C        D         E        F      G
               +---------+---------+-------+---------+---------+-------+---------
         Total |       0 |   11541 |   0.0 |       0 |      48 |   0.0 |  1302
               +---------+---------+-------+---------+---------+-------+---------
             D |       0 |   11541 |   0.0 |       0 |      48 |   0.0 |  1302
               +---------+---------+-------+---------+---------+-------+---------
